 Dungeon Crawl Stone Soup version 0.17-a0-802-g1f09329 (webtiles) character file.

70 Hanyuu the Insei (level 4, -2/28 HPs)
             Began as an Octopode Transmuter on Apr 26, 2015.
             Killed by divine providence
             ... invoked by an orc priest
              (10 damage)
             ... on level 3 of the Dungeon.
             The game lasted 00:03:35 (1555 turns).

Hanyuu the Insei (Octopode Transmuter)              Turns: 1555, Time: 00:03:36

Health: -2/28      AC:  1    Str:  9    XL:     4   Next: 21%
Magic:  7/7        EV: 18    Int: 15    God:
Gold:   38         SH:  0    Dex: 18    Spells: 3 memorised, 1 level left

rFire  . . .     SeeInvis .       - Unarmed
rCold  . . .     Clarity  .     (no shield)
rNeg   . . .     SustAb   .     (helmet restricted)
rPois  .         Gourm    .     (no amulet)
rElec  .         Spirit   .     (no ring)
rCorr  .         Warding  .     (no ring)
rMut   .         Stasis   .     (no ring)
MR     .....                    (no ring)
Stlth  ++++......               (no ring)
                                (no ring)
                                (no ring)
                                (no ring)

@: agile, not resistant to hostile enchantments, stealthy
A: almost no armour, amphibious, 8 rings, constrict 8, camouflage 1, gelatinous
body 1
a: no special abilities


You were on level 3 of the Dungeon.
You were not hungry.

You visited 1 branch of the dungeon, and saw 3 of its levels.

You collected 38 gold pieces.

Inventory:

Hand weapons
 l - a +0 spear of piercing
Missiles
 a - 46 arrows
 d - 8 poisoned needles (quivered)
 p - 2 tomahawks
Scrolls
 h - a scroll of random uselessness {unknown}
 i - 2 scrolls of enchant armour {unknown}
 j - a scroll of enchant weapon {unknown}
 o - a scroll of amnesia {unknown}
Potions
 f - a potion of agility
 k - a potion of brilliance
 m - a potion of restore abilities {unknown}
 n - a potion of flight {unknown}
Books
 b - a book of Changes

   Spells                             Type                      Level
   a - Beastly Appendage              Transmutation                1
   b - Sticks to Snakes               Transmutation                2
   c - Spider Form                    Transmutation/Poison         3
   d - Ice Form                       Ice/Transmutation            4
   e - Blade Hands                    Transmutation                5
Comestibles
 c - 2 bread rations
 g - a meat ration
 q - 2 chunks of flesh


   Skills:
 - Level 1.0 Fighting
 - Level 2.0 Dodging
 + Level 4.9 Unarmed Combat
 - Level 2.0 Spellcasting
 - Level 2.0 Transmutations


You had one spell level left.
You knew the following spells:

 Your Spells              Type           Power        Failure   Level  Hunger
a - Beastly Appendage     Trmt           #.....       12%         1    #......
b - Sticks to Snakes      Trmt           #.........   14%         2    ###....
c - Spider Form           Trmt/Pois      #.........   43%         3    ###....


Dungeon Overview and Level Annotations

Branches:
Dungeon (3/15)

Altars:
Kikubaaqudgha
Okawaru

Annotations:
D:2 Sigmund


Innate Abilities, Weirdness & Mutations

You cannot wear most types of armour.
You are amphibious.
You can wear up to eight rings at the same time.
You can use your tentacles to constrict eight enemies at once.
Your skin changes colour to match your surroundings (Stealth).
Your rubbery body absorbs attacks (AC +1).


Message History

The orc hits you with a morningstar.
* * * LOW HITPOINT WARNING * * *
You hit the orc.
You kill the orc!
You hit the orc.
The orc is heavily wounded.
The orc hits you but does no damage.
You smack the orc!
You kill the orc!
You smack the giant cockroach!
You kill the giant cockroach!
You start resting.
You feel less woody.
You start resting.
You feel a little less clever now.
You start resting.
You see here a mace.
The orc priest mumbles some strange prayers to Beogh against you.
Something smites you!
You die...

..... #..... . #.s...
## ..# . #.....
.##...# .# #.....
....# >. #.....#..#
#.## #######..# #..#
####.).)(o.## ##.#
###...@####### ##.#
######.........#
##.###..............#
..^....####.........#
###.#### #####.###...
. #....# #.# ##.#
#.####.# #.. # # #
#### #


You could see an orc priest.

Vanquished Creatures
  3 adders
  2 worms
  4 orcs (D:3)
  6 giant cockroaches
  4 hobgoblins
  5 bats
  2 giant newts (D:2)
  2 kobolds (D:1)
  6 rats
34 creatures vanquished.

Notes
Turn   | Place    | Note
--------------------------------------------------------------
     0 | D:1      | Hanyuu, the Octopode Transmuter, began the quest for the Orb.
     0 | D:1      | Reached XP level 1. HP: 13/13 MP: 3/3
   102 | D:1      | Reached XP level 2. HP: 6/18 MP: 5/5
   638 | D:2      | Reached skill level 4 in Unarmed Combat
   638 | D:2      | Reached XP level 3. HP: 7/23 MP: 6/6
   899 | D:2      | Learned a level 2 spell: Sticks to Snakes
   903 | D:2      | Learned a level 3 spell: Spider Form
  1038 | D:2      | Found an iron altar of Okawaru.
  1070 | D:2      | Found an ancient bone altar of Kikubaaqudgha.
  1283 | D:2      | Noticed Sigmund
  1492 | D:3      | Reached XP level 4. HP: 12/28 MP: 7/7
  1555 | D:3      | Killed from afar by an orc priest

Action                   |  1- 3 |  4- 6 || total
-------------------------+-------+-------++-------
Melee: Unarmed           |    45 |     7 ||    52
       Spear             |    33 |    10 ||    43
  Use: Potion            |       |     3 ||     3
 Stab: Sleeping          |     2 |       ||     2
  Eat: Chunk             |     2 |       ||     2
